 Dungeon Crawl Stone Soup version 0.18.1-2-ga659475 (webtiles) character file.

12147 protoss039 the Cleaver (level 11, -13/101 HPs)
             Began as a Minotaur Berserker on May 7, 2016.
             Was a Priest of Trog.
             Mangled by an orc knight
             ... wielding a +0 great mace
              (23 damage)
             ... on level 2 of the Orcish Mines on May 8, 2016.
             The game lasted 00:57:03 (10927 turns).

protoss039 the Cleaver (Minotaur Berserker)        Turns: 10927, Time: 00:57:04

Health: -13/101    AC:  7    Str: 25    XL:     11   Next: 58%
Magic:  10/10      EV: 15    Int:  4    God:    Trog [***...]
Gold:   932        SH:  0    Dex: 10    Spells: 0 memorised, 10 levels left

rFire  . . .     SeeInvis .     L - +0 war axe
rCold  . . .     Gourm    .     n - +0 ring mail
rNeg   . . .     Faith    .     (no shield)
rPois  .         Spirit   .     (helmet restricted)
rElec  .         Dismiss  .     (no cloak)
rCorr  .         Reflect  .     (no gloves)
SustAt +         Harm     +     (no boots)
MR     .....                    k - amulet of harm
Stlth  +.........               Q - ring of sustain attributes
                                i - +6 ring of slaying

@: exhausted, slowed, very slow, not resistant to hostile enchantments, very
unstealthy
A: retaliatory headbutt, horns 2
a: Berserk, Trog's Hand, Burn Spellbooks, Renounce Religion


You were on level 2 of the Orcish Mines.
You worshipped Trog.
Trog was most pleased with you.
You were not hungry.

You visited 2 branches of the dungeon, and saw 11 of its levels.

You collected 932 gold pieces.

Inventory:

Hand Weapons
 L - a +0 war axe (weapon)
Armour
 n - a +0 ring mail (worn)
Jewellery
 a - an uncursed ring of protection from magic {unknown}
 i - a +6 ring of slaying (left hand)
 k - an amulet of harm (around neck)
 v - an uncursed ring of resist corrosion
 Q - a ring of sustain attributes (right hand)
Wands
 D - a wand of lightning (0/15)
 F - a wand of disintegration (0/24)
 K - a wand of polymorph (10/24)
 N - a wand of polymorph (12/24)
 S - a wand of acid (4/15)
Scrolls
 m - 3 scrolls of remove curse
 o - 2 scrolls of enchant weapon
 w - a scroll of magic mapping
 y - a scroll of random uselessness {unknown}
 H - 2 scrolls of teleportation
 M - a scroll of noise {unknown}
 P - 2 scrolls of recharging
Potions
 b - a potion of flight
 d - 3 potions of curing {unknown}
 h - a potion of berserk rage {unknown}
 l - a potion of brilliance {unknown}
 p - a potion of degeneration {unknown}
 s - 3 potions of invisibility {unknown}
 u - a potion of magic {unknown}
 A - a potion of mutation {unknown}
 B - a potion of agility {unknown}
 C - 2 potions of cancellation {unknown}
 E - a potion of haste {unknown}
 G - 3 potions of resistance {unknown}
 J - a potion of lignification {unknown}
Miscellaneous
 g - a plain deck of defence
Comestibles
 c - 6 bread rations
 f - 6 meat rations
 t - 8 slices of pizza
 z - 11 fruits


   Skills:
 + Level 10.8 Fighting
 + Level 12.3 Axes
 + Level 10.3 Armour
 + Level 10.3 Dodging
 + Level 3.5 Stealth
 + Level 1.0 Evocations


You had 10 spell levels left.
You didn't know any spells.

Dungeon Overview and Level Annotations

Branches:
Dungeon (9/15)             Temple (0/1) D:4             Orc (2/2) D:9
    Elf (0/3) Orc:2
   Lair: D:8-11

Altars:
Ashenzari
Dithmenos
Fedhas
Gozag
Kikubaaqudgha
Makhleb
Nemelex Xobeh
Okawaru
Sif Muna
Vehumet
Yredelemnul
Zin
The Shining One

Shops:
D:4 %   Orc:2 [


Innate Abilities, Weirdness & Mutations

You reflexively headbutt those who attack you in melee.
You have a pair of horns on your head.


Message History

You feel yourself slow down.
You hit the orc knight. Your headbutt misses the orc knight.
The orc knight is moderately wounded.
The orc knight misses you.
You hit the orc knight but do no damage.
The orc knight is moderately wounded.
Your skin stops crawling.
You feel less resistant to hostile enchantments.
The orc knight hits you with an uncursed great mace!!
You slash the orc knight!
The orc knight is severely wounded.
The orc knight barely misses you. You furiously retaliate!
You headbutt the orc knight, but do no damage.
You hit the orc knight but do no damage.
Your headbutt misses the orc knight.
The orc knight is severely wounded.
The orc knight hits you with an uncursed great mace!!
* * * LOW HITPOINT WARNING * * *
The orc knight hits you with an uncursed great mace!!
You die...

..................#.#)....)......
.........................#.......
..............................###
..#....................#.##..##
............#.............##.##
...........#......<...........#
.............................###
........#........o...........#.#
......#####..#..@)...........#.#
..##...###...[)[.......##......#
.##....#....)[<[.)[....#.....#.#
##...........()).).[#...#..#.###
...........≈≈≈(≈≈≈≈≈....#.#...#
.......#...≈#######≈...#...#.##
...........≈#.....#≈......####
...........≈#)....'.......##
...#.......≈#.....'[.......##


You could see an orc knight.

Vanquished Creatures
  2 orc high priests (Orc:2)
  The ghost of Uberwunderbarhen the Cleaver, a novice DDFi (D:6)
  3 orc knights
  3 orc sorcerers (Orc:2)
  A troll (Orc:1)
  A two-headed ogre (D:8)
  A spriggan (D:8)
  A hippogriff (D:7)
  10 wargs
  Edmund (D:6)
  A black bear (D:9)
  An ice beast (D:6)
  17 orc warriors
  3 sky beasts
  2 necrophages (D:9)
  10 ogres
  A centaur (D:6)
  A big kobold (D:9)
  5 giant frogs
  3 scorpions
  6 killer bees
  5 wights
  3 howler monkeys
  A crimson imp (D:5)
  3 hounds
  A centaur skeleton (D:8)
  14 orc priests
  A jelly (D:6)
  Crazy Yiuf (D:7)
  A giant frog skeleton (D:5)
  4 iguanas
  22 orc wizards
  5 worker ants
  A hound zombie (D:5)
  A hound skeleton (D:9)
  3 gnolls (Orc:2)
  13 adders
  A howler monkey skeleton (D:9)
  A shadow imp (D:5)
  3 oozes
  An adder zombie (D:5)
  An adder skeleton (D:9)
  A worm (D:2)
  A dart slug (D:3)
  4 giant geckos
  68 orcs
  12 bats
  5 giant cockroaches
  11 hobgoblins
  9 jackals
  4 quokkas
  4 ball pythons
  5 giant newts
  6 goblins
  A jackal skeleton (D:4)
  9 kobolds
  12 rats
  5 fungi (D:7)
317 creatures vanquished.

Notes
Turn   | Place    | Note
--------------------------------------------------------------
     0 | D:1      | protoss039 the Minotaur Berserker began the quest for the Orb.
     0 | D:1      | Reached XP level 1. HP: 19/19 MP: 0/0
   117 | D:1      | Reached XP level 2. HP: 25/27 MP: 1/1
   250 | D:1      | Reached skill level 4 in Axes
   727 | D:2      | Found a sparkling altar of Nemelex Xobeh.
   796 | D:2      | Found a glowing silver altar of Zin.
   818 | D:2      | Reached ** piety under Trog
   891 | D:2      | Found a burning altar of Makhleb.
   909 | D:2      | Reached XP level 3. HP: 29/33 MP: 2/2
  1863 | D:3      | Reached XP level 4. HP: 32/41 MP: 3/3
  2172 | D:3      | Found an iron altar of Okawaru.
  2411 | D:3      | Reached XP level 5. HP: 45/47 MP: 4/4
  2445 | D:3      | Reached *** piety under Trog
  2537 | D:3      | Found a glowing golden altar of the Shining One.
  2538 | D:3      | Found a deep blue altar of Sif Muna.
  2894 | D:3      | Reached skill level 5 in Axes
  3007 | D:4      | Noticed an ogre
  3013 | D:4      | Killed an ogre
  3013 | D:4      | Reached skill level 5 in Fighting
  3013 | D:4      | Reached XP level 6. HP: 56/56 MP: 5/5
  3054 | D:4      | Found a shadowy altar of Dithmenos.
  3114 | D:4      | Found Urhe's Food Shop.
  3217 | D:4      | Found a basalt altar of Yredelemnul.
  3218 | D:4      | Found a radiant altar of Vehumet.
  3233 | D:4      | Reached skill level 5 in Armour
  3416 | D:4      | Found a staircase to the Ecumenical Temple.
  3550 | D:5      | Entered Level 5 of the Dungeon
  3719 | D:5      | Found an opulent altar of Gozag.
  3735 | D:5      | Reached XP level 7. HP: 49/61 MP: 6/6
  4363 | D:6      | Noticed Uberwunderbarhen's ghost (novice DDFi)
  4376 | D:6      | Killed Uberwunderbarhen's ghost
  4376 | D:6      | Reached skill level 6 in Axes
  4376 | D:6      | Reached skill level 5 in Dodging
  4376 | D:6      | Reached skill level 1 in Stealth
  4376 | D:6      | Reached XP level 8. HP: 69/70 MP: 7/7
  4425 | D:6      | Noticed Edmund
  4428 | D:6      | Found a shattered altar of Ashenzari.
  4433 | D:6      | Killed Edmund
  4433 | D:6      | Reached skill level 7 in Axes
  4679 | D:6      | Received a gift from Trog
  5199 | D:7      | Reached XP level 9. HP: 71/79 MP: 8/8
  5428 | D:7      | Received a gift from Trog
  5590 | D:7      | Reached skill level 8 in Axes
  6101 | D:7      | Received a gift from Trog
  6305 | D:7      | Noticed Crazy Yiuf
  6311 | D:7      | Killed Crazy Yiuf
  6688 | D:7      | Reached **** piety under Trog
  6692 | D:8      | Reached skill level 9 in Axes
  6814 | D:8      | Found a sparkling altar of Nemelex Xobeh.
  6882 | D:8      | Reached XP level 10. HP: 90/90 MP: 9/9
  7108 | D:9      | Found a blossoming altar of Fedhas.
  7108 | D:9      | Found an ancient bone altar of Kikubaaqudgha.
  7392 | D:9      | Found a staircase to the Orcish Mines.
  7402 | D:9      | Reached skill level 10 in Axes
  8025 | Orc:1    | Entered Level 1 of the Orcish Mines
  8090 | Orc:1    | Reached ***** piety under Trog
  8293 | Orc:1    | Noticed an orc knight
  8301 | Orc:1    | Killed an orc knight
  8456 | Orc:2    | Entered Level 2 of the Orcish Mines
  8995 | Orc:2    | Found a staircase to the Elven Halls.
  9027 | Orc:2    | Noticed an orc sorcerer
  9244 | Orc:2    | Noticed an orc high priest
  9246 | Orc:2    | Noticed a rust devil
  9246 | Orc:2    | Noticed an orange demon
  9247 | Orc:2    | Killed an orc sorcerer
  9249 | Orc:2    | Noticed a sixfirhy
  9249 | Orc:2    | Reached skill level 10 in Fighting
  9251 | Orc:2    | Reached skill level 11 in Axes
  9434 | Orc:1    | Reached XP level 11. HP: 99/99 MP: 10/10
  9556 | Orc:2    | Killed an orc high priest
  9556 | Orc:2    | Reached skill level 10 in Armour
 10088 | Orc:2    | Noticed an orc sorcerer
 10088 | Orc:2    | Found Qoliop's Armour Shop.
 10089 | Orc:2    | Noticed an orc sorcerer
 10089 | Orc:2    | Noticed an orc knight
 10091 | Orc:2    | Noticed an orc knight
 10096 | Orc:2    | Noticed an orc high priest
 10097 | Orc:2    | Killed an orc sorcerer
 10098 | Orc:2    | Noticed an orc high priest
 10099 | Orc:2    | Noticed an orc high priest
 10102 | Orc:2    | Killed an orc sorcerer
 10104 | Orc:2    | Killed an orc knight
 10105 | Orc:2    | Noticed an orc knight
 10108 | Orc:2    | Reached skill level 12 in Axes
 10111 | Orc:2    | Noticed a sun demon
 10157 | Orc:1    | Reached skill level 10 in Dodging
 10161 | Orc:1    | Noticed an ettin
 10324 | Orc:1    | Upgraded the game from 0.18.1-1-g2f07953 to 0.18.1-2-ga659475
 10364 | Orc:2    | Reached skill level 1 in Evocations
 10541 | Orc:2    | Killed an orc high priest
 10922 | Orc:2    | Killed an orc knight
 10927 | Orc:2    | Mangled by an orc knight

Skill      XL: |  1  2  3  4  5  6  7  8  9 10 11 |
---------------+----------------------------------+-----
Axes           | 4 5 6 7 9 11 12 | 12.3
Fighting       | 4 5 6 7 8 10 | 10.8
Armour         | 3 4 5 7 8 9 10 | 10.3
Dodging        | 3 4 5 6 7 9 10 | 10.3
Stealth        | 1 2 3 |  3.5
Evocations     | 1 |  1.0

Action                   |  1- 3 |  4- 6 |  7- 9 | 10-12 || total
-------------------------+-------+-------+-------+-------++-------
Melee: Hand axe          |    76 |    97 |   167 |    94 ||   434
       Headbutt          |     5 |    11 |    46 |    40 ||   102
       War axe           |       |       |       |   115 ||   115
Invok: Berserk           |       |     2 |     3 |    12 ||    17
       Trog's Hand       |       |     1 |     9 |    17 ||    27
       Brothers in Arms  |       |       |       |     3 ||     3
Evoke: Wand              |       |       |       |     5 ||     5
  Use: Scroll            |     2 |     4 |     3 |     7 ||    16
       Potion            |       |       |       |     1 ||     1
 Stab: Distracted        |       |       |       |     1 ||     1
  Eat: Chunk             |     3 |     7 |     6 |    11 ||    27
       Bread ration      |       |       |     1 |     4 ||     5
       Meat ration       |       |       |     1 |       ||     1
       Beef jerky        |       |       |       |     1 ||     1
Armor: Animal skin       |     2 |       |       |       ||     2
       Leather armour    |    21 |       |       |       ||    21
       Ring mail         |    15 |    30 |    48 |    51 ||   144
Dodge: Dodged            |    67 |    51 |   105 |   155 ||   378
